 Dungeon Crawl Stone Soup version 0.27.1-34-g3ba077fa99 (webtiles) character file.

Game seed: 320587483210697605

5421 ticklebelly the Cleaver (level 10, -1/99 HPs)
             Began as a Minotaur Berserker on Jan 5, 2022.
             Was an Elder of Trog.
             Slain by Prince Ribbit (10 damage)
             ... on level 8 of the Dungeon.
             The game lasted 00:15:05 (8654 turns).

ticklebelly the Cleaver (Minotaur Berserker)        Turns: 8654, Time: 00:15:05

Health: -1/99      AC: 11    Str: 25    XL:     10   Next: 40%
Magic:  9/9        EV: 12    Int:  4    God:    Trog [****..]
Gold:   405        SH:  0    Dex: 15    Spells: 9/9 levels left

rFire    . . .     SeeInvis .   b - +3 hand axe
rCold    . . .     Faith    .   (no shield)
rNeg     . . .     Spirit   .   v - +5 ring mail of Egalitarianism {rCorr Dex+5}
rPois    .         Reflect  .   (helmet restricted)
rElec    .         Harm     .   (no cloak)
rCorr    +         Rampage  .   (no gloves)
Will     .....                  (no boots)
Stlth    +.........             (no amulet)
HPRegen  0.26/turn              (no ring)
MPRegen  0.11/turn              (no ring)

@: on berserk cooldown, slowed, very slow
A: horns 2, retaliatory headbutt
a: Renounce Religion, Berserk, Trog's Hand, Brothers in Arms


You were on level 8 of the Dungeon.
You worshipped Trog.
Trog was greatly pleased with you.
You visited 1 branch of the dungeon, and saw 8 of its levels.
You also visited: Sewer.

You collected 405 gold pieces.

Inventory:

Hand Weapons
 b - a +3 hand axe (weapon)
 F - a +2 flail of protection
Missiles
 a - 3 silver boomerangs
 m - 5 javelins (quivered)
 D - 7 boomerangs
Armour
 u - a +0 tower shield
 v - the +5 ring mail of Egalitarianism (worn) {rCorr Dex+5}
   (You found it on level 4 of the Dungeon)

   Dex:       It affects your dexterity (+5).
   rCorr:     It protects you from acid and corrosion.
Wands
 f - a wand of charming (6)
 r - a wand of acid (2)
Scrolls
 c - a scroll of torment {unknown}
 e - 4 scrolls of enchant armour {unknown}
 h - a scroll of holy word {unknown}
 i - 2 scrolls of magic mapping {unknown}
 j - 7 scrolls of identify {unknown}
 k - a scroll of immolation {unknown}
 l - 2 scrolls of teleportation {unknown}
 n - 3 scrolls of noise {unknown}
 w - a scroll of vulnerability {unknown}
 x - a scroll of brand weapon {unknown}
 y - 2 scrolls of summoning {unknown}
 A - 4 scrolls of fog {unknown}
 G - a scroll of blinking {unknown}
 H - a scroll of enchant weapon {unknown}
Potions
 d - a potion of attraction {unknown}
 g - a potion of might {unknown}
 o - a potion of cancellation {unknown}
 p - a potion of berserk rage {unknown}
 q - 3 potions of mutation {unknown}
 s - 4 potions of haste {unknown}
 t - 2 potions of curing {unknown}
 z - 4 potions of heal wounds {unknown}
 B - a potion of invisibility {unknown}
 C - a potion of resistance {unknown}
 E - 2 potions of brilliance {unknown}


   Skills:
 + Level 12.3 Fighting
 + Level 12.4 Axes
 + Level 7.0 Armour
 - Level 3.0 Dodging


You had 9 spell levels left.
You didn't know any spells.
Your spell library was empty.

Dungeon Overview and Level Annotations

Branches:
Dungeon (8/15)             Temple (0/1) D:6           Sewer (visited)
   Lair: D:8-11

Altars:
Ashenzari
Cheibriados
Fedhas
Gozag
Makhleb
Qazlal
Ru
Yredelemnul
Zin

Shops:
D:1 *

Annotations:
D:8 Prince Ribbit


Innate Abilities, Weirdness & Mutations

You have a pair of horns on your head.
You reflexively headbutt those who attack you in melee.


Message History

You destroy the wight!
Trog accepts your kill.
You slash something!
Your life force feels restored.
Items here: ))))) [[ †.
You feel a strong urge to attack something.
You are no longer berserk.
You are exhausted.
You feel yourself slow down.
You see here a water moccasin corpse.
Prince Ribbit comes into view.
You hear some strange, mumbled words.
Something tries to affect you, but you resist.
Prince Ribbit blinks!
Your skin stops crawling.
You feel less strong-willed.
Prince Ribbit blinks!
You hit something. Something hits you but does no damage.
You miss something. You headbutt something. Trog accepts your kill.
Trog appreciates your killing of a magic user.
Reactivating autopickup.
You feel a bit more experienced.
You hit Prince Ribbit. Your headbutt misses Prince Ribbit.
Prince Ribbit is lightly wounded.
Prince Ribbit closely misses you.
You miss Prince Ribbit. Prince Ribbit hits you!
* * * LOW HITPOINT WARNING * * *
Prince Ribbit hits you but does no damage.
You closely miss Prince Ribbit. You headbutt Prince Ribbit.
Prince Ribbit is lightly wounded.
Prince Ribbit blinks!
Things that are here:
a +0 dagger; a +0 robe; an orc corpse Prince Ribbit croaks regally.
Found a burning altar of Makhleb.
You closely miss Prince Ribbit. Your headbutt misses Prince Ribbit.
Prince Ribbit is lightly wounded.
Prince Ribbit hits you but does no damage.
Prince Ribbit hits you!
You die...

#.#.##.# ...PP.P #.#.##.#
....P.. #.#.##.# .......
#####......# ..P...P
#...........######.......
#.######.#...).†))......P
#.#.##.###)).....P
#.#.##F# #)#......
#.#.##@# #.# ....P
#...##.# #.# ....
#.####.# #.# ... #.. #.#
#.# .. #.. #.# #.# . ..#
#.# ..# #.# ._. ...


You could see Prince Ribbit.

Vanquished Creatures
  Pikel (D:5)
  Maggie (D:7)
  Grinder (D:3)
  Sigmund (D:2)
  A wyvern (D:8)
  3 humans (D:6)
  Menkaure (D:4)
  A steam dragon (D:6)
  An acid dragon (D:8)
  4 water moccasins
  Duvessa (D:4)
  Edmund (D:5)
  4 black bears
  An ogre (D:5)
  An ice beast (D:5)
  A necrophage (D:3)
  3 kobold brigands
  A phantom (D:4)
  3 bullfrogs
  3 scorpions
  A wyvern zombie (D:7)
  Dowan (D:4)
  A water moccasin zombie (D:7)
  A wyvern skeleton (D:7)
  8 wights
  An electric eel (D:7)
  2 jellies
  An orc priest (D:3)
  2 bullfrog skeletons
  Ijyb (D:3)
  5 iguanas
  2 orc wizards
  A hound zombie (D:5)
  2 hound skeletons (D:2)
  12 gnolls
  4 adders
  2 river rats (Sewer)
  A shadow imp (D:7)
  2 white imps (D:6)
  An ufetubus (D:6)
  3 dart slugs
  17 orcs
  10 ball pythons
  3 endoplasms
  5 giant cockroaches
  9 goblins
  4 hobgoblins
  3 jackals (D:2)
  12 kobolds
  A quokka (D:2)
  3 bats
  8 frilled lizards
  20 rats
183 creatures vanquished.

Vanquished Creatures (collateral kills)
  2 humans (D:6)
2 creatures vanquished.

Vanquished Creatures (others)
  15 fungi (D:8)
  18 plants (D:8)
33 creatures vanquished.

Grand Total: 218 creatures vanquished

Notes
Turn   | Place    | Note
-------+----------+-------------------------------------------
     0 | D:1      | ticklebelly the Minotaur Berserker began the quest for the
                  | Orb.
     0 | D:1      | Reached XP level 1. HP: 19/19 MP: 0/0
   367 | D:1      | Reached XP level 2. HP: 23/27 MP: 1/1
   411 | D:1      | Found Leugic's Assorted Antiques.
   509 | D:1      | Found a faded altar of an unknown god.
   995 | D:2      | Reached XP level 3. HP: 33/34 MP: 2/2
  1020 | D:2      | Found an opulent altar of Gozag.
  1065 | D:2      | Noticed Sigmund
  1086 | D:2      | Killed Sigmund
  1087 | D:2      | Reached skill level 5 in Fighting
  1087 | D:2      | Reached skill level 5 in Axes
  1087 | D:2      | Reached XP level 4. HP: 21/44 MP: 3/3
  1087 | D:2      | Reached XP level 5. HP: 23/50 MP: 4/4
  1497 | D:2      | Reached ** piety under Trog
  1892 | D:3      | Noticed Grinder
  1892 | D:3      | Paralysed by Grinder for 2 turns
  1904 | D:3      | Killed Grinder
  1905 | D:3      | Reached XP level 6. HP: 58/58 MP: 5/5
  2139 | D:3      | Noticed Ijyb
  2148 | D:3      | Killed Ijyb
  2344 | D:3      | Reached XP level 7. HP: 47/64 MP: 6/6
  3278 | D:4      | Identified the +5 ring mail of Egalitarianism {rCorr Dex+5}
  3331 | D:4      | Noticed Menkaure
  3336 | D:4      | Killed Menkaure
  3337 | D:4      | Reached skill level 5 in Armour
  3768 | D:4      | Reached XP level 8. HP: 65/74 MP: 7/7
  3832 | D:4      | Noticed Duvessa
  3833 | D:4      | Noticed Dowan
  3837 | D:4      | Killed Duvessa
  3840 | D:4      | Killed Dowan
  4352 | D:5      | Entered Level 5 of the Dungeon
  4401 | D:5      | Noticed Pikel
  4427 | D:5      | Killed Pikel
  4565 | D:5      | Found a glowing drain.
  4569 | Sewer    | Entered a sewer
  4597 | Sewer    | Reached *** piety under Trog
  4976 | D:5      | Noticed Edmund
  4983 | D:5      | Killed Edmund
  4984 | D:5      | Reached XP level 9. HP: 65/85 MP: 8/8
  5087 | D:5      | Reached skill level 10 in Axes
  5152 | D:5      | Reached skill level 10 in Fighting
  5440 | D:5      | Found a sacrificial altar of Ru.
  6308 | D:6      | Found a stormy altar of Qazlal.
  6398 | D:6      | Found a glowing silver altar of Zin.
  6456 | D:6      | Reached **** piety under Trog
  7022 | D:6      | Found a snail-covered altar of Cheibriados.
  7187 | D:6      | Found a staircase to the Ecumenical Temple.
  7368 | D:7      | Noticed Maggie
  7380 | D:7      | Paralysed by Maggie for 2 turns
  7391 | D:7      | Killed Maggie
  7670 | D:7      | Reached XP level 10. HP: 94/97 MP: 9/9
  8020 | D:7      | Found a broken altar of Ashenzari.
  8024 | D:7      | Found a basalt altar of Yredelemnul.
  8140 | D:7      | Found a blossoming altar of Fedhas.
  8642 | D:8      | Noticed Prince Ribbit
  8653 | D:8      | Found a burning altar of Makhleb.
  8654 | D:8      | Slain by Prince Ribbit

Illustrated notes

Levels and vault maps discovered:
D:1:      onia_arrival_mini_maze_b, layout_rooms, basic_ecumenical_altar,
          serial_shops, nicolae_shop_overgrown_old_shop, minmay_heptomino_l4
D:2:      layout_loops_ring, basic_altar, uniq_sigmund
D:3:      layout_basic, uniq_ijyb, uniq_grinder
D:4:      layout_loops_ring, serial_forest, infiniplex_forest_lined_2,
          infiniplex_forest_straight_4, infiniplex_forest_clump_long,
          infiniplex_forest_lined_2, infiniplex_forest_clump_tiny,
          hangedman_decor_slide_cut, uniq_menkaure, uniq_duvessa
D:5:      layout_layer_cave, mainiacjoe_overflow_alcove_1, gup_sewer_entry_bowl,
          uniq_edmund, uniq_pikel
D:6:      layout_basic, mainiacjoe_overflow_boulevard,
          mainiacjoe_overflow_catwalk_spiral, temple_green, minmay_ruffians
D:7:      layout_basic, minitemple, fedhas_altar_fruit_tree, minivault_14,
          uniq_maggie
D:8:      layout_loops_ring, nicolae_wu_jian_immortal_techniques,
          overflow_temple_1_default, gammafunk_temple_overflow_wave,
          due_lair_maze_entry_diamond, minmay_misc_feat_tiny,
          uniq_prince_ribbit1

Skill      XL: |  1  2  3  4  5  6  7  8  9 10 |
---------------+-------------------------------+-----
Fighting       | 4 5 6 7 9 11 12 | 12.3
Axes           | 4 5 6 7 9 11 12 | 12.4
Armour         | 3 5 7 |  7.0
Dodging        | 3 |  3.0

Action                   |  1- 3 |  4- 6 |  7- 9 | 10-12 || total
-------------------------+-------+-------+-------+-------++-------
Melee: Hand axe          |    66 |    50 |   327 |    91 ||   534
       Headbutt          |     9 |    16 |    81 |    23 ||   129
Throw: Javelin           |       |     1 |       |       ||     1
Invok: Berserk           |       |     2 |     5 |     1 ||     8
       Brothers in Arms  |       |       |     1 |       ||     1
       Trog's Hand       |       |       |       |     1 ||     1
Armor: Animal skin       |     6 |       |       |       ||     6
       Scale mail        |    14 |    18 |    18 |       ||    50
       Ring mail         |       |       |    97 |    32 ||   129
Dodge: Dodged            |    29 |    22 |   151 |    52 ||   254
